cohdb
Replays
Latest Replays
All Replays
Popular Replays
Top Player Replays
Match Explorer
How It Works
Community
CoH3 Stats
Reddit
Sign in to upload your games and track your stats! →
Sign in with Steam
Clean AF
Match 41463690
Overview
Messages
Build Orders
End
Royal Engineer Section
Vickers Machine Gun Team
Construct Section Command Post
Dingo Light Scout Car
Infantry Section
Grenade Package
Construct Field Infirmary
Construct Platoon Command Post
Infantry Section
Selects Canadian Shock Battlegroup
Selects Attacking Spirit
Selects Canadian Shock Section
Selects Incendiary Munitions
Canadian Shock Section
6-pounder Anti-tank Gun Team
ZileZu
MegaMan
lilsliceofporks
CeilingToad
John Smurfington the Fourth
GoonsOut
0
0
Comments
sign in to comment!
No comments posted yet!